[Event "Titled Tuesday Blitz December 20 Early 2022"]
[White "CristobalBlanco"]
[Black "supertfc"]
[WhiteElo "2476"]
[BlackElo "2268"]
[Result "1-0"]
[Round "06"]
[TimeControl "180+2"]
[Date "2022.12.20"]
[WhiteClock "0:00:18"]
[BlackClock "0:00:03"]

1. e4 e5 2. Nf3 Nc6 3. Nc3 Nf6 4. g3 Bc5 5. Bg2 d6 6. d3 O-O 7. O-O Bg4 8. h3 Bxf3 9. Qxf3 Nd4 10. Qd1 c6 11. Na4 Bb6 12. Nxb6 axb6 13. c3 Ne6 14. f4 c5 15. f5 Nc7 16. c4 Nd7 17. Qh5 f6 18. g4 Qe8 19. Qh4 h6 20. Bf3 Na6 21. a3 Nb4 22. Be2 Nc2 23. Rb1 Nd4 24. Bd1 Nb8 25. Qf2 Nbc6 26. h4 Kf7 27. g5 Ke7 28. b4 hxg5 29. hxg5 Ra7 30. Kg2 Rh8 31. Rh1 Kd7 32. Rxh8 Qxh8 33. bxc5 bxc5 34. Rb6 Kc7 35. Rb1 fxg5 36. Bxg5 Rxa3 37. Rxb7+ Kxb7 38. Qb2+ Nb4 39. Qxa3 Qa8 40. Qxa8+ Kxa8 41. Be7 Nxd3 42. Bxd6 Kb7 43. Bf8 1-0


[Site "https://www.chess.com"]

[Event "Titled Tuesday Blitz December 20 Early 2022"]
[White "D`Arruda, Ricardo D."]
[Black "Etoilegeniale"]
[WhiteFideId "100692"]
[WhiteElo "2271"]
[BlackElo "2593"]
[Result "1/2-1/2"]
[Round "06"]
[TimeControl "180+2"]
[Date "2022.12.20"]
[WhiteClock "0:00:40"]
[BlackClock "0:00:26"]

1. Nf3 Nf6 2. d4 d5 3. g3 e6 4. Bg2 c5 5. O-O Nc6 6. c4 Be7 7. Nc3 dxc4 8. Qa4 O-O 9. dxc5 Bxc5 10. Qxc4 Be7 11. Rd1 Qb6 12. Qb5 Qxb5 13. Nxb5 a6 14. Nbd4 Bd7 15. Nxc6 Bxc6 16. Bd2 Rfd8 17. Ba5 Rxd1+ 18. Rxd1 Rc8 19. Rc1 Re8 20. Ne5 Bxg2 21. Kxg2 Bd6 22. Nd3 h6 23. Bc7 Bf8 24. Be5 Nd7 25. Bd4 e5 26. Be3 Bd6 27. Nc5 Nxc5 28. Bxc5 Rc8 29. Be3 Rxc1 30. Bxc1 f6 31. e4 Kf7 32. Kf3 Ke6 33. Ke2 h5 34. h3 g6 35. g4 hxg4 36. hxg4 f5 37. f3 Bc5 38. Kd3 Bd4 39. b3 b5 40. Bh6 Bb2 41. Bg7 Bd4 42. Bh8 Bb2 43. Bg7 Bd4 44. Bh8 Bb2 45. Bg7 1/2-1/2


[Site "https://www.chess.com"]

[Event "Titled Tuesday Blitz December 20 Early 2022"]
[White "De Firmian, Nick"]
[Black "Carvalho, Heracles Elieser"]
[WhiteFideId "2000105"]
[BlackFideId "22751114"]
[WhiteElo "2460"]
[BlackElo "1895"]
[Result "0-1"]
[Round "06"]
[TimeControl "180+2"]
[Date "2022.12.20"]
[WhiteClock "0:00:08"]
[BlackClock "0:00:04"]

1. Nf3 d5 2. g3 Nf6 3. Bg2 Bf5 4. O-O e6 5. d4 h6 6. c4 c6 7. Nc3 Nbd7 8. b3 Be7 9. Bb2 O-O 10. a3 Ne4 11. Nxe4 Bxe4 12. e3 a5 13. Nd2 Bd3 14. Re1 Qb6 15. Bc3 a4 16. c5 Qa6 17. b4 b6 18. Nf3 bxc5 19. dxc5 Bf6 20. Qd2 e5 21. Red1 e4 22. Nd4 Ne5 23. Qb2 Qc8 24. Rac1 h5 25. h4 Qg4 26. Qd2 Bxh4 27. Nxc6 Nxc6 28. gxh4 Qxh4 29. f3 f5 30. Qf2 Qg5 31. Kh2 Rae8 32. Rg1 Ne5 33. f4 Ng4+ 34. Kg3 Nxf2+ 35. Kxf2 Qh4# 0-1


[Site "https://www.chess.com"]

[Event "Titled Tuesday Blitz December 20 Early 2022"]
[White "DefiantChair"]
[Black "CDOEspiao"]
[WhiteElo "2631"]
[BlackElo "2486"]
[Result "0-1"]
[Round "06"]
[TimeControl "180+2"]
[Date "2022.12.20"]
[WhiteClock "0:00:05"]
[BlackClock "0:00:11"]

1. e4 c5 2. Nf3 e6 3. d4 cxd4 4. Nxd4 a6 5. c4 Nf6 6. Nc3 Qc7 7. Be2 b6 8. Be3 Bb7 9. f3 Be7 10. O-O d6 11. Qd2 O-O 12. Rfc1 Nbd7 13. a4 Rfb8 14. Nb3 Nc5 15. Qd1 Nxb3 16. Qxb3 Nd7 17. Bf1 Qd8 18. Qd1 Rc8 19. Bf2 Ne5 20. b3 Bf6 21. Ra2 Qe7 22. Bxb6 h5 23. Bd4 h4 24. Rf2 Rab8 25. h3 Ba8 26. f4 Nd7 27. Bxf6 Nxf6 28. Bd3 Nd7 29. Bc2 Nc5 30. Kh1 Qf6 31. Rf3 Rd8 32. Qe1 Nxb3 33. Bxb3 Rxb3 34. Nd5 exd5 35. Rxb3 dxe4 36. Re3 Qxf4 37. Rd1 f5 38. Qe2 Bc6 39. Rf1 Qe5 40. Qf2 Rf8 41. Qxh4 f4 42. Re2 e3 43. Kg1 Bxa4 44. g3 f3 45. Ra2 f2+ 46. Kh2 e2 47. Raa1 exf1=Q 48. Rxf1 Bc6 49. c5 Qe4 50. Qxe4 Bxe4 51. cxd6 Bd3 52. d7 Bxf1 53. h4 Bb5 54. g4 Bxd7 55. h5 f1=Q 56. Kg3 Qf2+ 57. Kh3 Rf3# 0-1


[Site "https://www.chess.com"]

[Event "Titled Tuesday Blitz December 20 Early 2022"]
[White "Derybas, Igor"]
[Black "ProfessorChess101"]
[WhiteFideId "41846400"]
[WhiteElo "1490"]
[BlackElo "2662"]
[Result "0-1"]
[Round "06"]
[TimeControl "180+2"]
[Date "2022.12.20"]
[WhiteClock "0:00:35"]
[BlackClock "0:00:11"]

1. d4 Nf6 2. c4 e6 3. Nc3 d5 4. cxd5 exd5 5. Bg5 c6 6. e3 Be7 7. Bd3 Nbd7 8. Nge2 Nf8 9. Qc2 Ne6 10. Bh4 g6 11. O-O O-O 12. f3 b5 13. Rad1 a5 14. h3 Ba6 15. Kh1 a4 16. a3 Re8 17. Na2 Rc8 18. Nb4 Bb7 19. Nc3 Qc7 20. Qf2 Nh5 21. Bxe7 Ng3+ 22. Kg1 Nxf1 23. Bh4 g5 24. Rxf1 gxh4 25. Qxh4 Nf8 26. e4 Qe7 27. Qxe7 Rxe7 28. exd5 cxd5 29. Bxb5 Ne6 30. Rd1 Nf4 31. Kf2 Kh8 32. Bxa4 Rg8 33. Rg1 Bc8 34. Nbxd5 Nd3+ 35. Kf1 Re1# 0-1


[Site "https://www.chess.com"]

[Event "Titled Tuesday Blitz December 20 Early 2022"]
[White "Dreux, Vincent"]
[Black "Sokolov, Ivan"]
[WhiteFideId "658960"]
[BlackFideId "14400030"]
[WhiteElo "1937"]
[BlackElo "2590"]
[Result "0-1"]
[Round "06"]
[TimeControl "180+2"]
[Date "2022.12.20"]
[WhiteClock "0:00:07"]
[BlackClock "0:01:15"]

1. e4 d6 2. d4 Nf6 3. Nc3 g6 4. Be3 Bg7 5. Qd2 a6 6. Bh6 Bxh6 7. Qxh6 Nc6 8. O-O-O e5 9. dxe5 Nxe5 10. f3 Be6 11. Nge2 Qe7 12. Nf4 O-O-O 13. Nfd5 Bxd5 14. Nxd5 Nxd5 15. Rxd5 f5 16. exf5 Qf7 17. Rd1 Qxf5 18. Qe3 Kb8 19. Qb3 Ka8 20. Kb1 Rhe8 21. h4 Re7 22. h5 g5 23. a3 h6 24. Bc4 Nxc4 25. Qxc4 Rde8 26. Rd3 Qe6 27. Qxe6 Rxe6 28. Kc1 Re2 29. Rd2 Kb8 30. Kd1 R2e5 31. c4 Kc8 32. Kc2 Kd7 33. Rhd1 Kc6 34. Rd5 Rxd5 35. Rxd5 Re2+ 36. Rd2 Re1 37. Kc3 Rh1 38. g4 Rf1 39. Rd3 a5 40. b4 a4 41. b5+ Kc5 42. Rd5+ Kb6 43. Rf5 Rb1 44. Rf6 Rb3+ 45. Kd4 Rxa3 46. Rxh6 Rxf3 47. Rg6 Rf4+ 48. Kc3 Rxg4 49. Kb4 c5+ 50. bxc6 Kxc6 51. h6 b5 52. h7 Rxc4+ 53. Ka5 Rh4 54. Rxg5 Rxh7 55. Rxb5 Ra7+ 56. Kb4 Rb7 57. Rxb7 Kxb7 58. Kxa4 Kc6 59. Kb4 Kd5 60. Kc3 Ke4 0-1


[Site "https://www.chess.com"]

[Event "Titled Tuesday Blitz December 20 Early 2022"]
[White "Durin, Jean-Pierre"]
[Black "MusicCityMaster"]
[WhiteFideId "26026600"]
[WhiteElo "1819"]
[BlackElo "2329"]
[Result "1/2-1/2"]
[Round "06"]
[TimeControl "180+2"]
[Date "2022.12.20"]
[WhiteClock "0:00:14"]
[BlackClock "0:00:09"]

1. d4 Nf6 2. Bg5 c5 3. Bxf6 gxf6 4. c3 Qb6 5. Qc2 Bg7 6. e3 d6 7. Nd2 f5 8. g3 Nd7 9. Bg2 Nf6 10. Ne2 O-O 11. O-O e5 12. dxe5 dxe5 13. e4 fxe4 14. Nxe4 Nxe4 15. Bxe4 f5 16. Bd5+ Kh8 17. f4 e4 18. Kg2 Bd7 19. Rfd1 Be8 20. g4 fxg4 21. Bxe4 Bc6 22. Rd2 Rae8 23. Ng3 Rxf4 24. Re1 c4 25. Rde2 Ref8 26. Bxc6 Qxc6+ 27. Kg1 Qc5+ 28. Kg2 Qd5+ 29. Kg1 b5 30. Qd2 Qc5+ 31. Qe3 Qxe3+ 32. Rxe3 b4 33. Ne2 Rf2 34. Re4 bxc3 35. bxc3 h5 36. Rxc4 Bh6 37. Re4 Bd2 38. Rd1 Bh6 39. Rd5 Rf1+ 40. Kg2 R8f2+ 41. Kg3 Rf3+ 42. Kg2 R1f2+ 43. Kg1 Be3 44. Rxh5+ Kg7 45. Rxe3 Rf1+ 46. Kg2 R1f2+ 47. Kg1 Rf1+ 48. Kg2 R1f2+ 49. Kg1 1/2-1/2


[Site "https://www.chess.com"]

[Event "Titled Tuesday Blitz December 20 Early 2022"]
[White "EdgePlosion"]
[Black "Ekat, Michael"]
[BlackFideId "4689801"]
[WhiteElo "2420"]
[BlackElo "2051"]
[Result "1-0"]
[Round "06"]
[TimeControl "180+2"]
[Date "2022.12.20"]
[WhiteClock "0:00:09"]
[BlackClock "0:00:04"]

1. e4 c6 2. d4 d5 3. e5 Bf5 4. Nd2 e6 5. Nb3 Nd7 6. Nf3 a6 7. Be2 c5 8. dxc5 Bxc5 9. Nxc5 Nxc5 10. Nd4 Ne7 11. O-O O-O 12. Be3 Rc8 13. c3 Bg6 14. a4 Nf5 15. Nxf5 Bxf5 16. f4 h6 17. a5 Ne4 18. Qd4 Qd7 19. Rfd1 Qc6 20. Qb4 Rfd8 21. Ra3 Rd7 22. Qd4 f6 23. Bf3 fxe5 24. Qxe5 Qc7 25. Bd4 Qxe5 26. Bxe5 Nc5 27. Be2 Rcd8 28. Bd4 Ne4 29. Rb3 Rc8 30. Rb6 Rc6 31. Rxc6 bxc6 32. Bxa6 c5 33. Be5 Ra7 34. Bd3 Rxa5 35. b4 cxb4 36. cxb4 Ra2 37. b5 Nf2 38. Bxf5 Nxd1 39. Bxe6+ Kh7 40. b6 Ne3 41. h4 Rxg2+ 42. Kh1 Rc2 43. b7 Ng4 44. b8=Q 1-0


[Site "https://www.chess.com"]

[Event "Titled Tuesday Blitz December 20 Early 2022"]
[White "Elbek_Jumanov"]
[Black "Felix-Rose"]
[WhiteElo "2435"]
[BlackElo "2299"]
[Result "0-1"]
[Round "06"]
[TimeControl "180+2"]
[Date "2022.12.20"]
[WhiteClock "0:00:03"]
[BlackClock "0:00:12"]

1. c4 e6 2. Nf3 d5 3. d4 Nf6 4. g3 dxc4 5. Qa4+ Nbd7 6. Bg2 a6 7. Qxc4 b5 8. Qc2 Bb7 9. O-O c5 10. Rd1 Rc8 11. Qb3 cxd4 12. Nxd4 Bxg2 13. Kxg2 Nc5 14. Qc2 Nce4 15. Qb3 Nc5 16. Qc2 Nce4 17. Qd3 Qd5 18. f3 Nc5 19. Qd2 Ncd7 20. Nc3 Qb7 21. e4 Bc5 22. Nb3 Bb6 23. Qe2 O-O 24. Be3 Bxe3 25. Qxe3 Nb6 26. Qe2 Nc4 27. Rd3 Rfd8 28. Rad1 Rxd3 29. Rxd3 Qc7 30. Nd4 h5 31. h4 g6 32. a3 Nd7 33. Nb3 Nde5 34. Rd1 Nxb2 35. Qxb2 Qxc3 36. Rd8+ Kg7 37. Qxc3 Rxc3 38. Nd4 Rxa3 39. f4 Ra2+ 40. Kf1 Ng4 41. e5 b4 42. Rb8 a5 43. Rb7 Kg8 44. Rb8+ Kh7 45. Rb7 Nh6 46. Nxe6 b3 47. Nd4 b2 0-1


[Site "https://www.chess.com"]

[Event "Titled Tuesday Blitz December 20 Early 2022"]
[White "Emily_Dawn"]
[Black "Badlyplayed"]
[WhiteElo "1878"]
[BlackElo "2262"]
[Result "1-0"]
[Round "06"]
[TimeControl "180+2"]
[Date "2022.12.20"]
[WhiteClock "0:00:17"]
[BlackClock "0:00:05"]

1. d4 d5 2. c4 c6 3. Nc3 Nf6 4. Bf4 dxc4 5. e4 b5 6. f3 e6 7. a4 Bb4 8. Ne2 Bb7 9. Kf2 a6 10. Ng3 c5 11. Be3 Nbd7 12. axb5 cxd4 13. Bxd4 Bxc3 14. Bxc3 axb5 15. Rxa8 Bxa8 16. Bb4 Qb6+ 17. Ke1 Nc5 18. Be2 O-O 19. Qc1 Rd8 20. Qg5 Nd3+ 21. Bxd3 cxd3 22. e5 Nd5 23. Bd2 Qd4 24. Nh5 g6 25. Qxd8# 1-0


[Site "https://www.chess.com"]

[Event "Titled Tuesday Blitz December 20 Early 2022"]
[White "ErikRonka"]
[Black "Hsu, Li Yang"]
[BlackFideId "5800080"]
[WhiteElo "2520"]
[BlackElo "2427"]
[Result "0-1"]
[Round "06"]
[TimeControl "180+2"]
[Date "2022.12.20"]
[WhiteClock "0:00:04"]
[BlackClock "0:00:21"]

1. e4 c6 2. d4 d5 3. Nd2 dxe4 4. Nxe4 Nd7 5. Ng5 Ngf6 6. Bd3 e6 7. N1f3 Bd6 8. Qe2 h6 9. Ne4 Nxe4 10. Qxe4 Qc7 11. Qg4 Kf8 12. O-O b6 13. b3 Bb7 14. Re1 Nf6 15. Qh3 Nd5 16. c4 Nf4 17. Bxf4 Bxf4 18. Rad1 Rd8 19. Be4 Bd6 20. Qh5 g6 21. Bxg6 fxg6 22. Qxg6 Qf7 23. Qe4 c5 24. d5 exd5 25. Qh4 Kg7 26. Ne5 Qf5 27. Rd3 Rhf8 28. Rg3+ Kh7 29. Rg6 Qf4 30. Rg4 Qf6 31. Qg3 dxc4 32. bxc4 Bxe5 0-1


[Site "https://www.chess.com"]

[Event "Titled Tuesday Blitz December 20 Early 2022"]
[White "FairChess_on_YouTube"]
[Black "Mikhail_Bryakin"]
[WhiteElo "3072"]
[BlackElo "2765"]
[Result "1-0"]
[Round "06"]
[TimeControl "180+2"]
[Date "2022.12.20"]
[WhiteClock "0:00:23"]
[BlackClock "0:00:06"]

1. d4 Nf6 2. c4 b6 3. Nc3 Bb7 4. d5 e6 5. a3 exd5 6. cxd5 Na6 7. e4 Bd6 8. f4 Bc5 9. e5 Bxg1 10. Rxg1 Ng8 11. Qg4 g6 12. Be3 h5 13. Qf3 Nh6 14. O-O-O Nf5 15. Bf2 Nc5 16. b4 Ne6 17. Ne4 Neg7 18. Nf6+ Kf8 19. g3 a5 20. b5 Qe7 21. Qc3 Rc8 22. Kb2 Ne8 23. Nxd7+ Qxd7 24. e6 Qd6 25. Qxh8+ Ke7 26. Qc3 Nf6 27. Bg2 Bxd5 28. exf7 Kxf7 29. Rge1 Rd8 30. Re5 c6 31. bxc6 Qxc6 32. Qxc6 Bxc6 33. Rxd8 Bxg2 34. Bxb6 Ng4 35. Bxa5 Nxe5 36. fxe5 1-0


[Site "https://www.chess.com"]

[Event "Titled Tuesday Blitz December 20 Early 2022"]
[White "FaustinoOro"]
[Black "Zhigalko_Sergei"]
[WhiteElo "2633"]
[BlackElo "2876"]
[Result "0-1"]
[Round "06"]
[TimeControl "180+2"]
[Date "2022.12.20"]
[WhiteClock "0:00:02"]
[BlackClock "0:01:29"]

1. Nf3 d5 2. g3 c6 3. Bg2 Bg4 4. O-O e6 5. d4 Nf6 6. Ne5 Bh5 7. Nd2 Nbd7 8. Ndf3 Be7 9. c3 O-O 10. Bg5 h6 11. Nxd7 Nxd7 12. Bxe7 Qxe7 13. Qc2 Bg6 14. Qd1 Be4 15. Nd2 Bxg2 16. Kxg2 e5 17. dxe5 Nxe5 18. e4 Rad8 19. exd5 Rxd5 20. Qc2 Rfd8 21. Nb3 Qf6 22. Qe2 Nd3 23. Nd4 Qg6 24. Kh1 Re5 25. Qc2 c5 26. Nf3 Qe4 27. Qd1 Rf5 28. Kg2 Nf4+ 29. gxf4 Rxd1 30. Raxd1 Rxf4 0-1


[Site "https://www.chess.com"]

[Event "Titled Tuesday Blitz December 20 Early 2022"]
[White "Flawless_Fighter"]
[Black "Eloisa Navez, Angel"]
[BlackFideId "5117305"]
[WhiteElo "2622"]
[BlackElo "1942"]
[Result "0-1"]
[Round "06"]
[TimeControl "180+2"]
[Date "2022.12.20"]
[WhiteClock "0:00:02"]
[BlackClock "0:00:26"]

1. d4 e6 2. Nf3 Nf6 3. Bf4 d5 4. e3 c5 5. Nbd2 Nc6 6. c3 Bd6 7. Bg3 O-O 8. Bd3 b6 9. e4 Be7 10. e5 Nh5 11. Ng5 Bxg5 12. Qxh5 g6 13. Qe2 cxd4 14. h4 Bxd2+ 15. Qxd2 dxc3 16. Qxc3 Bb7 17. Qd2 Qe7 18. a3 Nd4 19. Qe3 Nb3 20. Rd1 d4 21. Qf4 Bxg2 22. Rh2 Bd5 23. h5 g5 24. Qg4 f5 25. exf6 Qxf6 26. f4 Nc5 27. Be2 d3 28. Bf1 e5 29. Qxg5+ Qxg5 30. fxg5 e4 31. Bf2 Rf5 32. g6 Raf8 33. Bh3 Rf3 34. Bg4 e3 35. Bxf3 exf2+ 36. Rxf2 Bxf3 37. gxh7+ Kxh7 38. Rc1 Ne4 39. Rc7+ Kh6 40. Rc6+ Kg5 41. Rh2 d2+ 42. Rxd2 Nxd2 43. Rg6+ Kxh5 44. Rd6 Ne4 45. Re6 Rf4 46. Re5+ Kg4 47. b4 Rf5 48. Re8 Kf4 49. b5 Ke3 50. Rc8 Rxb5 0-1


[Site "https://www.chess.com"]

[Event "Titled Tuesday Blitz December 20 Early 2022"]
[White "Garcia Brion, Eduardo"]
[Black "NowInChess"]
[WhiteFideId "2223864"]
[WhiteElo "2175"]
[BlackElo "2177"]
[Result "1-0"]
[Round "06"]
[TimeControl "180+2"]
[Date "2022.12.20"]
[WhiteClock "0:00:03"]
[BlackClock "0:00:17"]

1. d4 Nf6 2. c4 c5 3. d5 b5 4. cxb5 a6 5. bxa6 g6 6. e3 Bg7 7. Nc3 O-O 8. Nf3 d6 9. a7 Rxa7 10. Bb5 Qa5 11. O-O Ne4 12. Nxe4 Qxb5 13. Nc3 Qa5 14. Nd2 Ba6 15. Re1 Nd7 16. Nb3 Qc7 17. a4 Ne5 18. Nb5 Bxb5 19. axb5 Rxa1 20. Nxa1 Qa5 21. Nc2 Qxb5 22. Na3 Qb4 23. Re2 Rb8 24. Rc2 c4 25. f4 Nd3 26. Rxc4 Qe1+ 27. Qxe1 Nxe1 28. b4 Nd3 29. Bd2 Kf8 30. b5 Ke8 31. Ba5 Bb2 32. Nc2 Rxb5 33. Rc8+ Kd7 34. Rd8# 1-0


[Site "https://www.chess.com"]

[Event "Titled Tuesday Blitz December 20 Early 2022"]
[White "Giorno, Sven"]
[Black "The_filthy"]
[WhiteFideId "20645082"]
[WhiteElo "2517"]
[BlackElo "2377"]
[Result "1/2-1/2"]
[Round "06"]
[TimeControl "180+2"]
[Date "2022.12.20"]
[WhiteClock "0:00:16"]
[BlackClock "0:00:10"]

1. Nf3 d5 2. e3 Nf6 3. c4 e6 4. b3 Be7 5. Bb2 O-O 6. Qc2 a6 7. g4 b6 8. g5 Ne4 9. h4 Bb7 10. Bg2 Nd7 11. Nc3 Nxc3 12. Qxc3 f6 13. Qc2 Nc5 14. b4 Ne4 15. a3 a5 16. d3 Nd6 17. c5 Nc8 18. c6 Ba6 19. Nd4 axb4 20. Nxe6 Qd6 21. Nxf8 Bxf8 22. axb4 Qxb4+ 23. Bc3 Qb5 24. O-O fxg5 25. hxg5 Qxc6 26. Rfc1 Qe6 27. Qb3 Bb7 28. Rxa8 Bxa8 29. e4 Qg6 30. exd5 Qxg5 31. Re1 Nd6 32. Be5 Bb7 33. Qc3 Qd8 34. Bg3 Nf5 35. Qxc7 Qg5 36. Qxb7 Nxg3 37. fxg3 Bc5+ 38. Kh2 Qh6+ 39. Bh3 Qd2+ 40. Bg2 Qh6+ 41. Bh3 Qd2+ 42. Bg2 Qh6+ 1/2-1/2


[Site "https://www.chess.com"]

[Event "Titled Tuesday Blitz December 20 Early 2022"]
[White "GregLeBarbare"]
[Black "santosalberto1987"]
[WhiteElo "2242"]
[BlackElo "2495"]
[Result "0-1"]
[Round "06"]
[TimeControl "180+2"]
[Date "2022.12.20"]
[WhiteClock "0:00:55"]
[BlackClock "0:01:31"]

1. d4 d5 2. Nf3 Nf6 3. Bf4 c5 4. e3 Nc6 5. Nbd2 Qb6 6. dxc5 Qxc5 7. a3 Qb6 8. b4 Bf5 9. c4 e6 10. Be2 Be7 11. O-O O-O 12. Nh4 Bg6 13. Nxg6 hxg6 14. Nf3 Qd8 15. Qb3 Bd6 16. Bxd6 Qxd6 17. cxd5 Qxd5 18. Qxd5 Nxd5 19. Rac1 Rac8 20. Rfd1 Rfd8 21. g3 Nce7 22. Kg2 Rxc1 23. Rxc1 Rc8 24. Rxc8+ Nxc8 25. Nd4 Ncb6 26. Nc2 Kf8 27. Bf3 Ke7 28. e4 Nc3 29. Kf1 e5 30. Ke1 Nb5 31. Be2 Nc7 32. Kd2 Ne6 33. Kc3 Kd6 34. Kb3 Nd7 35. a4 Nb8 36. Ne3 Nd4+ 0-1


[Site "https://www.chess.com"]

[Event "Titled Tuesday Blitz December 20 Early 2022"]
[White "Groz, Jacky"]
[Black "Salles, Louis"]
[WhiteFideId "626643"]
[BlackFideId "20641826"]
[WhiteElo "2052"]
[BlackElo "2287"]
[Result "1-0"]
[Round "06"]
[TimeControl "180+2"]
[Date "2022.12.20"]
[WhiteClock "0:00:47"]
[BlackClock "0:00:19"]

1. Nf3 e6 2. g3 d5 3. Bg2 g6 4. O-O Bg7 5. d3 Ne7 6. e4 O-O 7. Qe2 Nbc6 8. e5 a5 9. d4 b6 10. Re1 Ba6 11. Qd1 Nb8 12. Bg5 h6 13. Bf4 c5 14. Qd2 Kh7 15. c3 Nbc6 16. h4 a4 17. Na3 Na5 18. g4 Nec6 19. Bf1 Bxf1 20. Rxf1 f5 21. g5 h5 22. Qe2 Rf7 23. Qb5 Qc8 24. dxc5 bxc5 25. Qxc5 Bf8 26. Qe3 Bxa3 27. bxa3 Nc4 28. Qd3 Rb7 29. Nd2 Nxd2 30. Qxd2 Na5 31. Rab1 Rab8 32. Rb4 Nc4 33. Qd3 Nxa3 34. Rxa4 Nc4 35. Ra6 Rc7 36. Rd6 Nxd6 37. exd6 Rd7 38. Re1 Rb6 39. Rxe6 Qc4 40. Qe3 Rb1+ 41. Kh2 Qf1 42. Re7+ Rxe7 43. Qxe7+ Kg8 44. Qe8+ Kh7 45. Qf7+ 1-0


[Site "https://www.chess.com"]

[Event "Titled Tuesday Blitz December 20 Early 2022"]
[White "HackingKid98"]
[Black "Castro Andrade, Seirbert Cristian"]
[BlackFideId "3863336"]
[WhiteElo "2488"]
[BlackElo "1364"]
[Result "0-1"]
[Round "06"]
[TimeControl "180+2"]
[Date "2022.12.20"]
[WhiteClock "0:00:02"]
[BlackClock "0:01:38"]

1. d4 Nf6 2. Nf3 e6 3. c4 d5 4. g3 Bb4+ 5. Bd2 a5 6. Bg2 O-O 7. Qc2 Be7 8. O-O c6 9. b3 b5 10. c5 Nbd7 11. Nc3 Ba6 12. Rfe1 Re8 13. e4 b4 14. Na4 Nxe4 15. Bf4 Bb5 16. Ne5 Nxe5 17. Bxe5 f6 18. Bf4 f5 19. Nb6 Ra6 20. a4 bxa3 21. Rxa3 Bf6 22. Be5 Bxe5 23. dxe5 Qe7 24. Bxe4 fxe4 25. Rea1 Qg5 26. Qc3 Rf8 27. Rxa5 Rxa5 28. Rxa5 Rf3 29. Qa1 e3 30. Ra8+ Kf7 31. fxe3 Qxe3+ 32. Kg2 Rf2+ 33. Kh3 Bf1+ 34. Kg4 h5+ 35. Kh4 Rxh2# 0-1


[Site "https://www.chess.com"]

[Event "Titled Tuesday Blitz December 20 Early 2022"]
[White "Hanfin, Zahra Chumaira Amelia"]
[Black "Ezat, Mohamed"]
[WhiteFideId "7111983"]
[BlackFideId "10600906"]
[WhiteElo "2062"]
[BlackElo "2402"]
[Result "0-1"]
[Round "06"]
[TimeControl "180+2"]
[Date "2022.12.20"]
[WhiteClock "0:00:07"]
[BlackClock "0:01:35"]

1. d4 Nf6 2. Bf4 d5 3. e3 c5 4. Nf3 Nc6 5. Nbd2 Bg4 6. dxc5 e5 7. Bg5 Bxc5 8. h3 Bh5 9. c4 d4 10. e4 O-O 11. Bd3 Be7 12. a3 Nd7 13. Bxe7 Qxe7 14. O-O Nc5 15. Qc2 Ne6 16. b4 Nf4 17. Nh2 a5 18. b5 Nd8 19. Rfe1 Nde6 20. Ndf1 Nc5 21. Ng3 Ncxd3 22. Nxh5 Nxe1 23. Rxe1 Nxh5 0-1


[Site "https://www.chess.com"]

[Event "Titled Tuesday Blitz December 20 Early 2022"]
[White "Hansch, Karsten"]
[Black "Crone, Stephan"]
[WhiteFideId "24692239"]
[BlackFideId "4670175"]
[WhiteElo "2248"]
[BlackElo "1860"]
[Result "0-1"]
[Round "06"]
[TimeControl "180+2"]
[Date "2022.12.20"]
[WhiteClock "0:00:07"]
[BlackClock "0:00:22"]

1. e4 g6 2. d4 d6 3. Nc3 Nf6 4. f4 Bg7 5. Nf3 O-O 6. Bd3 Na6 7. a3 c5 8. e5 Nh5 9. exd6 exd6 10. Bxa6 bxa6 11. dxc5 Re8+ 12. Ne2 Qa5+ 13. c3 Qxc5 14. Kf1 a5 15. Ned4 Ba6+ 16. Kf2 Nf6 17. Re1 Rxe1 18. Qxe1 Re8 19. Qd1 Ng4+ 20. Kg1 Ne3 21. Qb3 Bc4 22. Qa4 Nf5 23. Qxe8+ Bf8 24. Ng5 Nxd4 25. Be3 Ne2+ 26. Kf2 Qb5 27. b4 Qxe8 0-1


[Site "https://www.chess.com"]

[Event "Titled Tuesday Blitz December 20 Early 2022"]
[White "Harkness, Bryan"]
[Black "milovichalex"]
[WhiteFideId "444227"]
[WhiteElo "1935"]
[BlackElo "2303"]
[Result "1-0"]
[Round "06"]
[TimeControl "180+2"]
[Date "2022.12.20"]
[WhiteClock "0:00:03"]
[BlackClock "0:00:22"]

1. d4 Nf6 2. Nf3 d5 3. c4 e6 4. Nc3 Bb4 5. Qc2 Nc6 6. a3 Bxc3+ 7. Qxc3 Ne4 8. Qc2 O-O 9. e3 Ng5 10. Be2 Nxf3+ 11. Bxf3 dxc4 12. Qxc4 e5 13. d5 Na5 14. Qc3 c6 15. Bd2 b6 16. dxc6 Ba6 17. b4 Nc4 18. Rd1 Nxd2 19. Rxd2 Qc7 20. Be2 Bxe2 21. Rxe2 b5 22. O-O a5 23. Rd2 Ra6 24. Rc1 h6 25. h3 Rc8 26. Rdc2 axb4 27. axb4 e4 28. Qc5 Rb6 29. Qd5 Re8 30. Rc5 Re6 31. Rxb5 Rbxc6 32. Rxc6 Rxc6 33. Rc5 Rxc5 34. bxc5 g6 35. c6 Kg7 36. Qxe4 Qd6 37. Qd4+ Qxd4 38. exd4 Kf6 39. d5 Ke7 40. f3 Kd6 41. Kf2 f5 42. Ke3 Kxd5 43. c7 f4+ 44. Kd3 1-0


[Site "https://www.chess.com"]

[Event "Titled Tuesday Blitz December 20 Early 2022"]
[White "Harry_Rakkel"]
[Black "Edam, Michael"]
[BlackFideId "24613231"]
[WhiteElo "2611"]
[BlackElo "2023"]
[Result "0-1"]
[Round "06"]
[TimeControl "180+2"]
[Date "2022.12.20"]
[WhiteClock "0:00:02"]
[BlackClock "0:00:09"]

1. e4 c5 2. Nf3 d6 3. d4 cxd4 4. Nxd4 Nf6 5. Nc3 e5 6. Bb5+ Nbd7 7. Nf5 a6 8. Bxd7+ Qxd7 9. O-O Nxe4 10. Nxe4 Qxf5 11. Nxd6+ Bxd6 12. Qxd6 Qe6 13. Qxe6+ Bxe6 14. Re1 O-O-O 15. b3 Bf5 16. c4 f6 17. Be3 Rd3 18. Bb6 Re8 19. b4 Re6 20. c5 Re7 21. a4 Bd7 22. b5 Kb8 23. c6 bxc6 24. bxa6 Rb3 25. a5 Be6 26. Rec1 Bd5 27. Rab1 Rd7 28. f3 Be6 29. Rxb3 Bxb3 30. Rxc6 Bd5 31. Rc5 e4 32. Kf2 exf3 33. gxf3 f5 34. Ke3 g5 35. f4 g4 36. Kf2 Be4 37. Kg3 h6 38. Kh4 Rd2 39. Kh5 Rxh2+ 40. Kg6 Rd2 41. Rc7 Rd8 42. Re7 Rg8+ 43. Kh7 Rc8 0-1


[Site "https://www.chess.com"]

[Event "Titled Tuesday Blitz December 20 Early 2022"]
[White "Huda, Maryana"]
[Black "queen_iryna"]
[WhiteFideId "14116553"]
[WhiteElo "2160"]
[BlackElo "2354"]
[Result "0-1"]
[Round "06"]
[TimeControl "180+2"]
[Date "2022.12.20"]
[WhiteClock "0:00:09"]
[BlackClock "0:00:10"]

1. d4 d6 2. Nf3 g6 3. g3 Bg7 4. Bg2 Nf6 5. O-O O-O 6. c4 Nc6 7. Nc3 Bf5 8. Re1 Ne4 9. Nxe4 Bxe4 10. d5 Bxf3 11. Bxf3 Nd4 12. Bg2 e5 13. dxe6 fxe6 14. Bxb7 Rb8 15. Bg2 Qf6 16. Rf1 Kh8 17. Rb1 Qf5 18. Be3 c5 19. b3 a5 20. Bxd4 cxd4 21. Qd3 Qc5 22. Qe4 e5 23. Qd5 Qa3 24. h4 Qxa2 25. Qxd6 Rxb3 26. Ra1 Qxe2 27. Rxa5 e4 28. Ra7 e3 29. Qe7 exf2+ 30. Kh2 Qxe7 31. Rxe7 Re3 32. Rd7 Be5 33. c5 Bxg3+ 34. Kh1 Re1 35. c6 Kg8 36. c7 Ree8 37. Rxd4 Bxc7 38. Bd5+ Kh8 39. Kg2 Bb6 40. Rd2 Bc5 41. Re2 Rd8 42. Rexf2 Rxf2+ 43. Rxf2 Bxf2 44. Kxf2 Rxd5 45. Kg3 Rd4 46. Kh3 h5 47. Kg3 Rg4+ 48. Kh3 g5 49. hxg5 Rxg5 50. Kh4 Ra5 51. Kh3 Kg7 52. Kh4 Kg6 53. Kh3 Kg5 54. Kg3 h4+ 55. Kh2 Kg4 56. Kg2 0-1


[Site "https://www.chess.com"]